 Dungeon Crawl Stone Soup version 0.31-a0-1147-g46bab52692 (webtiles) character file.

Game seed: 3883913523109088387

1591 MacCMillion the Cleaver (level 8, 0/63 HPs)
             Began as a Ghoul Fighter on Dec 7, 2023.
             Slain by a scorpion (5 damage)
             ... on level 5 of the Dungeon.
             The game lasted 00:12:22 (5561 turns).

MacCMillion the Cleaver (Ghoul Fighter)             Turns: 5561, Time: 00:12:23

Health: 0/63       AC: 13    Str: 28    XL:     8   Next: 93%
Magic:  7/7        EV:  7    Int:  7    God:
Gold:   212        SH:  4    Dex:  8    Spells: 7/7 levels left

rFire   . . .        a - +0 war axe
rCold   + . .        c - +0 buckler
rNeg    + + +        A - +0 plate armour
rPois   ∞            (no helmet)
rElec   .            k - +0 cloak
rCorr   .            (no gloves)
SInv    .            f - +0 pair of boots
Will    .....        (no amulet)
Stlth   x              - +6 ring of strength
HPRegen 0.00/turn    (no ring)
MPRegen 0.10/turn

%: no passive effects
@: inhibited regen
A: claws 1, cold resistance 1, negative energy resistance 3, inhibited
regeneration, torment resistance 2, devour on kill
a: no special abilities


You were on level 5 of the Dungeon.
You visited 1 branch of the dungeon, and saw 6 of its levels.

You collected 212 gold pieces.

Inventory:

Hand Weapons
 a - a +0 war axe (weapon)
Missiles
 v - 8 poisoned darts (quivered)
 y - 3 atropa-tipped darts
Armour
 b - a +0 scale mail
 c - a +0 buckler (worn)
 f - a +0 pair of boots (worn)
 h - a +0 chain mail
 k - a +0 cloak (worn)
 l - a scarf of resistance
 A - a +0 plate armour (worn)
Jewellery
 e - a +6 ring of intelligence
 x - a +6 ring of strength (left claw)
Wands
 w - a wand of flame (12)
Scrolls
 g - a scroll of immolation {unknown}
 i - 2 scrolls of brand weapon {unknown}
 j - a scroll of fog {unknown}
 o - 3 scrolls of identify {unknown}
 q - a scroll of enchant weapon {unknown}
 s - a scroll of teleportation {unknown}
 u - a scroll of blinking {unknown}
 B - a scroll of vulnerability {unknown}
 C - a scroll of amnesia {unknown}
Potions
 d - a potion of might
 m - a potion of resistance {unknown}
 n - 4 potions of heal wounds {unknown}
 p - a potion of curing {unknown}
 r - 2 potions of enlightenment {unknown}
 t - a potion of mutation {unknown}
 z - 2 potions of invisibility {unknown}
 D - a potion of haste {unknown}


   Skills:
 - Level 3.2 Fighting
 + Level 9.7 Axes
 - Level 2.6 Armour
 - Level 4.0 Shields


You had 7 spell levels left.
You didn't know any spells.
Your spell library contained the following spells:

 Spells                   Type           Power      Damage    Failure   Level
 Necrotise                Necr           0%         1d4       100%        1
 Lesser Beckoning         Tloc           0%         N/A       100%        2
 Dazzling Flash           Conj/Hex       0%         N/A       100%        3
 Frozen Ramparts          Ice            0%         1d1       100%        3
 Gell's Gravitas          Tloc           0%         N/A       100%        3
 Teleport Other           Tloc           0%         N/A       100%        3
 Vampiric Draining        Necr           0%         2d6       100%        3
 Brom's Barrelling Bould  Conj/Erth      0%         2d3       100%        4
 Petrify                  Tmut/Erth      0%         N/A       100%        4
 Agony                    Necr           0%         N/A       100%        5
 Fireball                 Conj/Fire      0%         3d3       100%        5
 Iskenderun's Battlesphe  Conj           0%         2d6       100%        5
 Metabolic Englaciation   Hex/Ice        0%         N/A       100%        5
 Silence                  Hex/Air        0%         N/A       100%        5
 Conjure Ball Lightning   Conj/Air       0%         3x3d6     100%        6
 Orb of Destruction       Conj           0%         9d5       100%        7
 Summon Hydra             Summ           0%         N/A       100%        7
 Sublimation of Blood     Necr           Unusable   N/A       N/A         2
 Wereblood                Tmut           Unusable   N/A       N/A         2

Dungeon Overview and Level Annotations

Branches:
Dungeon (6/15)
 Temple: D:4-7

Altars:

Shops:
D:2 [

Annotations:
D:2 1 runed translucent door, Crazy Yiuf


Innate Abilities, Weirdness & Mutations

You are immune to poison.
You have sharp fingernails.
Your flesh is cold resistant. (rC+)
You are immune to negative energy. (rN+++)
You do not regenerate when monsters are visible.
You are immune to unholy pain and torment.
You thrive by killing the living.


Message History

The scorpion barely misses you.
You closely miss the ice beast.
The ice beast is severely wounded.
You hit the scorpion. The ice beast hits you.
* * * LOW HITPOINT WARNING * * *
The ice beast freezes you. You resist.
* * * LOW HITPOINT WARNING * * *
The scorpion completely misses you.
Okay, then.
Okay, then.
You hit the ice beast.
The ice beast is almost dead.
You hit the scorpion.
The scorpion stings you but does no damage.
The ice beast hits you but does no damage.
You slash the ice beast!
You kill the ice beast!
You hit the scorpion.
The scorpion stings you but does no damage.
You barely miss the scorpion.
The scorpion is heavily wounded.
The scorpion stings you but does no damage.
You hit the scorpion but do no damage.
The scorpion is heavily wounded.
You are no longer corroded.
The scorpion stings you but does no damage.
You block the scorpion's attack.
You hit the scorpion but do no damage.
The scorpion is heavily wounded.
The scorpion barely misses you.
You completely miss the scorpion.
The scorpion is heavily wounded.
The scorpion barely misses you.
You closely miss the scorpion.
The scorpion is heavily wounded.
The scorpion stings you but does no damage.
You barely miss the scorpion.
The scorpion is heavily wounded.
The scorpion stings you.
You die...

....#
#.#####.###.......#
###.
#.......###.......# #.
#.................# #.
###........##.......#
...............#####
###.......#..####
..........#....#
#........#.##.#
#.#...@s...##.###
#...##.#).####...#####
#.......>##
#.....Y..## ...##.###
#.......s.# #.. #..
#...#####O## ## #..#
#...#....†.. #.#
#...#.8..8.. #.
#...#....... .
#...##+##'##


You could see a scorpion.

Vanquished Creatures
  Eustachio (D:4)
  An orc warrior (D:4)
  4 ice beasts
  2 ogres (D:5)
  Blork the orc (D:4)
  A scorpion (D:4)
  A howler monkey (D:4)
  2 jellies (D:5)
  3 hounds
  3 iguanas
  2 orc wizards
  Natasha (thrice) (D:3)
  2 hound zombies (D:3)
  A hound skeleton (D:3)
  10 adders
  3 gnolls (D:6)
  An adder skeleton (D:3)
  2 adder zombies (D:3)
  2 worms
  5 dart slugs
  15 orcs
  6 bats
  9 endoplasms
  2 giant cockroaches
  5 goblins
  6 hobgoblins
  4 jackals (D:1)
  8 quokkas
  11 ball pythons
  A ball python zombie (D:3)
  4 frilled lizards
  5 kobolds
  3 quokka skeletons (D:3)
  A quokka zombie (D:3)
  3 rats
133 creatures vanquished.

Notes
Turn   | Place    | Note
-------+----------+-------------------------------------------
     0 | D:1      | MacCMillion the Ghoul Fighter began the quest for the Orb.
     0 | D:1      | Reached XP level 1. HP: 19/19 MP: 0/0
    90 | D:1      | Reached skill level 2 in Axes
    93 | D:1      | Reached XP level 2. HP: 26/26 MP: 1/1
   696 | D:1      | Reached XP level 3. HP: 31/31 MP: 2/2
  1423 | D:2      | Reached XP level 4. HP: 38/38 MP: 3/3
  1513 | D:2      | Reached skill level 3 in Axes
  1562 | D:2      | Found Odid Tykh's Antique Armour Shoppe.
  1859 | D:2      | Found a runed translucent door.
  1860 | D:2      | Noticed Crazy Yiuf
  2175 | D:3      | Noticed Natasha
  2295 | D:3      | Reached XP level 5. HP: 45/45 MP: 4/4
  2316 | D:3      | Killed Natasha
  2374 | D:3      | Reached skill level 4 in Axes
  2552 | D:3      | Noticed Natasha
  2565 | D:3      | Killed Natasha
  2566 | D:3      | Reached XP level 6. HP: 51/51 MP: 5/5
  3020 | D:3      | Noticed Natasha
  3027 | D:3      | Killed Natasha
  3028 | D:3      | Reached skill level 5 in Axes
  3519 | D:4      | Noticed Blork the orc
  3538 | D:4      | Killed Blork the orc
  3539 | D:4      | Reached skill level 6 in Axes
  3539 | D:4      | Reached XP level 7. HP: 15/57 MP: 6/6
  3729 | D:4      | Noticed Eustachio
  3767 | D:4      | Killed Eustachio
  4287 | D:4      | Reached skill level 7 in Axes
  4520 | D:5      | Entered Level 5 of the Dungeon
  4756 | D:4      | Reached XP level 8. HP: 55/63 MP: 7/7
  4926 | D:5      | Reached skill level 8 in Axes
  5289 | D:6      | Reached skill level 9 in Axes
  5534 | D:6      | Noticed a troll
  5561 | D:5      | Slain by a scorpion

Illustrated notes

Levels and vault maps discovered:
D:1:      nzn_arrival_depleted_hourglass, layout_basic
D:2:      layout_basic, serial_shops, nicolae_shop_overgrown_old_shop,
          uniq_crazy_yiuf_cottage
D:3:      layout_basic, serial_undead, serial_undead_b, serial_undead_b,
          serial_undead_d, serial_undead_a, serial_undead_f, serial_undead_e,
          serial_undead_c, serial_undead_d, serial_undead_c, serial_undead_d,
          dreamdust_wishing_well, uniq_natasha
D:4:      layout_basic, zin_academy, minmay_small_thing, uniq_eustachio,
          uniq_blork_the_orc
D:5:      minmay_chambers_of_threes, layout_rooms
D:6:      layout_layer_cave, chequers_big_river, hangedman_feature_mirror

Skill      XL: |  1  2  3  4  5  6  7  8 |
---------------+-------------------------+-----
Axes           | 2 3 4 6 7 9 |  9.7
Shields        | 3 4 |  4.0
Fighting       | |  3.2
Armour         | |  2.6

Action                     |  1- 3 |  4- 6 |  7- 9 || total
---------------------------+-------+-------+-------++-------
  Melee: War axe           |   127 |   222 |   154 ||   503
  Throw: Dart              |       |       |     8 ||     8
 Armour: Scale mail        |    20 |       |       ||    20
         Chain mail        |    87 |   180 |    42 ||   309
         Plate armour      |       |       |    98 ||    98
  Dodge: Dodged            |    55 |    94 |    52 ||   201
  Block: Buckler           |    27 |    42 |    28 ||    97

Table legend: (Time is in decaauts)
 A = Elapsed time spent in this place.
 B = Non-inter-level travel time spent in this place.
 C = Inter-level travel time spent in this place.
 D = Time resting spent in this place.
 E = Time spent auto-exploring this place.
 F = Levels seen in this place.
 G = Mean time per level.
                   A        B        C        D        E       F      G
               +--------+--------+--------+--------+--------+-----+--------+
         Total |   5722 |   5465 |    257 |   1049 |   2998 |   6 |  953.7 |
       Dungeon |   5722 |   5465 |    257 |   1049 |   2998 |   6 |  953.7 |
               +--------+--------+--------+--------+--------+-----+--------+

Top non-repeatable levels by time:
     D:4: 1415 daAuts
     D:2: 1359 daAuts
     D:1: 1060 daAuts
     D:3: 1013 daAuts
     D:5: 596 daAuts
     D:6: 277 daAuts
